 Dungeon Crawl Stone Soup version 0.21-a0-286-g6fcecc0 (webtiles) character file.

481 tidbits the Insei (level 6, 0/46 HPs)
             Began as a Demigod Transmuter on Sept 27, 2017.
             Slain by a wight
             ... wielding a +2 dire flail
              (11 damage)
             ... on level 6 of the Dungeon.
             The game lasted 00:11:57 (1850 turns).

tidbits the Insei (Demigod Transmuter)              Turns: 1850, Time: 00:11:59

Health: 0/46       AC:  2    Str: 13    XL:     6   Next: 56%
Magic:  11/13      EV: 19    Int: 21    God:
Gold:   140        SH:  0    Dex: 21    Spells: 4/10 levels left

rFire    . . .     SeeInvis .     - Unarmed
rCold    . . .     Gourm    .   (shield currently unavailable)
rNeg     . . .     Faith    .   (armour currently unavailable)
rPois    x         Spirit   .   (helmet currently unavailable)
rElec    .         Reflect  .   (cloak currently unavailable)
rCorr    .         Harm     .   (gloves currently unavailable)
MR       .....                  (boots currently unavailable)
Stlth    ++........             e - amulet of magic regeneration
HPRegen  0.15/turn              (no ring)
MPRegen  0.38/turn              (no ring)

@: spider-form (expiring), drained
A: high mp 1
a: End Transformation


You were on level 6 of the Dungeon.
You were not hungry.
You were a venomous arachnid creature.
You visited 1 branch of the dungeon, and saw 6 of its levels.

You collected 140 gold pieces.

Inventory:

Hand Weapons
 b - a +3 quarterstaff of chaos
   (You took it off Crazy Yiuf on level 2 of the Dungeon)
 g - a +0 blowgun
 l - a +1 trident of venom
   (You took it off an orc on level 6 of the Dungeon)
Missiles
 a - 60 arrows
Armour
 B - a +0 troll leather armour (melded)
 C - a +0 cloak (melded)
 F - a +0 pair of boots (melded)
Jewellery
 e - an amulet of magic regeneration (around neck)
   (You found it on level 1 of the Dungeon)
Wands
 p - a wand of polymorph (6/24)
Scrolls
 f - 2 scrolls of identify {unknown}
 h - a scroll of blinking {unknown}
 k - a scroll of magic mapping {unknown}
 n - a scroll of amnesia {unknown}
 o - a scroll of random uselessness {unknown}
 r - 2 scrolls of enchant weapon
 s - a scroll of teleportation
Potions
 j - 2 potions of lignification
 m - a potion of invisibility {unknown}
 q - a potion of brilliance {unknown}
 t - a potion of magic {unknown}
Books
 c - a book of Changes

   Spells                             Type                      Level
   a - Beastly Appendage              Transmutation                1
   b - Sticks to Snakes               Transmutation                2
   c - Spider Form                    Transmutation/Poison         3
   d - Ice Form                       Ice/Transmutation            4
   e - Blade Hands                    Transmutation                5
Comestibles
 d - 2 bread rations
 i - a royal jelly
 u - a chunk of flesh


   Skills:
 - Level 0.8(0.2) Fighting
 - Level 1.7(1.1) Dodging
 * Level 5.6(4.9) Unarmed Combat
 + Level 2.6(2.0) Spellcasting
 + Level 4.0(3.3) Transmutations


You had 4 spell levels left.
You knew the following spells:

 Your Spells              Type           Power        Failure   Level  Hunger
e - Beastly Appendage     Tmut           ###...       12%         1    #......
k - Sticks to Snakes      Tmut           ###.....     17%         2    ##.....
p - Spider Form           Tmut/Pois      #.........   43%         3    ###....


Dungeon Overview and Level Annotations

Branches:
Dungeon (6/15)
 Temple: D:4-7


Innate Abilities, Weirdness & Mutations

You have an increased reservoir of magic. (+10% MP)


Message History

You feel sick.
Your magical contamination has completely faded away.
Found a stone staircase leading down.
You feel sick.
Found a hide-covered altar of Uskayaw.
Found a stone staircase leading up.
You feel sick.
Your ball python withers and dies!
Found 17 gold pieces.
You feel sick.
You now have 140 gold pieces (gained 17).
You feel sick.
You are no longer poisoned. 2 wights come into view.
A wight comes into view. It is wielding an enchanted dire flail.
Found 26 arrows.
Found a stone staircase leading up.
Casting: Spider Form
Confirm with . or Enter, or press ? or * to list all spells.
You create a snake!
You now have 61 arrows.
Casting: Sticks to Snakes
Confirm with . or Enter, or press ? or * to list all spells.
You turn into a venomous arachnid creature.
Your +0 cloak melds into your body.
Your +0 pair of boots melds into your body.
Your +0 troll leather armour melds into your body.
You hit the wight but do no damage. The wight completely misses you.
You bite the wight!
The wight is heavily damaged.
Your ball python bites the wight but does no damage.
Your ball python closely misses the wight.
The wight barely misses you.
You bite the wight!
The wight is almost destroyed.
Your ball python barely misses the wight.
Your ball python grabs the wight.
Your ball python constricts the wight.
You hit the wight.
You destroy the wight!
You hit the wight but do no damage.
Your ball python bites the wight but does no damage.
Your ball python closely misses the wight.
You hit the wight.
The wight is lightly damaged.
Your ball python closely misses the wight.
Your ball python grabs the wight.
Your ball python constricts the wight.
The wight hits you with an enchanted long sword.
You feel drained.
Your ball python barely misses the wight.
Your ball python constricts the wight.
You completely miss the wight.
The wight is lightly damaged.
Your transformation is almost over.
The wight completely misses you.
Your ball python bites the wight.
Your ball python constricts the wight.
You hit the wight.
The wight is moderately damaged.
The wight misses you.
Your ball python bites the wight but does no damage.
Your ball python constricts the wight.
You bite the wight!
The wight is almost destroyed.
Your ball python bites the wight but does no damage.
Your ball python constricts the wight.
You hit the wight but do no damage.
The wight is almost destroyed.
The wight hits your ball python with an enchanted long sword!
Your ball python dies!
You closely miss the wight.
The wight is almost destroyed.
The wight hits you with an enchanted long sword.
You feel drained.
Casting: Spider Form
Confirm with . or Enter, or press ? or * to list all spells.
You don't know that spell.
Unknown command.
Unknown command.
Casting: Spider Form
Confirm with . or Enter, or press ? or * to list all spells.
You create a snake!
You now have 60 arrows.
You completely miss the wight.
The wight is almost destroyed.
Your ball python misses the wight.
Your ball python closely misses the wight.
The wight barely misses you.
You completely miss the wight.
The wight is almost destroyed.
The wight hits you with an enchanted dire flail!
You feel drained.
Your ball python bites the wight but does no damage.
Your ball python grabs the wight.
Your ball python constricts the wight.
You hit the wight.
You destroy the wight!
Your base Transmutations skill increases to level 4!
The wight hits you with an enchanted dire flail!
* * * LOW HITPOINT WARNING * * *
You hit the wight but do no damage.
Your ball python barely misses the wight.
Your ball python completely misses the wight.
The wight hits you with an enchanted dire flail!
You die...

#.#####.....<.#.####.###.
#.#####..###.......#.###.
#.##............##.....#.
#.##.##..####...####.#.#.
#.##.##..#..#........#.##
#....z...#..#._..##......
####z###.#((#...###.##.##
#(.....##z####...# #.
#... #.###z.##sS.......
#.##.#. #..##...<....
#...... ...###.......
#...... ##.# .......
>....... .#
.......#.##.##.# .#
.......# ## #.# ##.....
.# ##### .# .#


You could see a wight, 2 dancing weapons and a friendly ball python.

Vanquished Creatures
  A sky beast (D:6)
  2 wights (D:6)
  A crimson imp (D:5)
  A hound (D:4)
  An orc priest (D:6)
  Crazy Yiuf (D:2)
  A worker ant (D:2)
  5 adders
  An ooze (D:2)
  A worm (D:2)
  9 orcs
  3 giant cockroaches
  7 goblins
  3 hobgoblins
  2 jackals (D:2)
  2 ball pythons
  7 bats
  2 frilled lizards (D:2)
  12 kobolds
  3 rats
65 creatures vanquished.

Vanquished Creatures (collateral kills)
  An ogre (D:4)
  An adder (D:2)
  A bat (D:2)
3 creatures vanquished.

Grand Total: 68 creatures vanquished

Notes
Turn   | Place    | Note
-------+----------+-------------------------------------------
     0 | D:1      | tidbits the Demigod Transmuter began the quest for the Orb.
     0 | D:1      | Reached XP level 1. HP: 15/15 MP: 5/5
   124 | D:1      | Reached skill level 2 in Transmutations
   420 | D:1      | Reached XP level 2. HP: 19/22 MP: 7/7
   425 | D:1      | Learned a level 2 spell: Sticks to Snakes
   470 | D:2      | Reached skill level 3 in Unarmed Combat
   470 | D:2      | Reached skill level 2 in Spellcasting
   550 | D:2      | Reached XP level 3. HP: 23/27 MP: 8/8
   555 | D:2      | Learned a level 3 spell: Spider Form
   594 | D:2      | Found a runed door.
   594 | D:2      | Noticed Crazy Yiuf
   890 | D:4      | Noticed an ogre
   907 | D:4      | Killed an ogre
   907 | D:4      | Reached XP level 4. HP: 34/34 MP: 2/10
   951 | D:5      | Entered Level 5 of the Dungeon
   957 | D:5      | Reached skill level 4 in Unarmed Combat
  1028 | D:5      | Reached skill level 3 in Transmutations
  1047 | D:4      | Reached XP level 5. HP: 39/39 MP: 8/11
  1072 | D:4      | Noticed an ogre
  1072 | D:3      | Found a faded altar of an unknown god.
  1340 | D:2      | Killed Crazy Yiuf
  1340 | D:2      | Reached skill level 5 in Unarmed Combat
  1733 | D:6      | Noticed a sky beast
  1743 | D:6      | Killed a sky beast
  1743 | D:6      | Reached XP level 6. HP: 35/46 MP: 9/12
  1790 | D:6      | Found a hide-covered altar of Uskayaw.
  1794 | D:6      | Noticed a dagger
  1794 | D:6      | Noticed a dagger
  1849 | D:6      | Reached skill level 4 in Transmutations
  1850 | D:6      | Slain by a wight

Vault maps used:
D:1:      scummos_arrival_star
D:2:      wad_pebble_path, uniq_crazy_yiuf_cottage
D:3:      cheibrodos_thug_alley, minitemple,
          chequers_ecumenical_altar_simple_redux
D:4:      first_bread
D:5:      kennysheep_steamy, serial_shops, kennysheep_mini,
          minmay_strange_pillars, corexii_hall_statues_u
D:6:      dancing_weapons_uskayaw, hangedman_abyss_or_decor_passed,
          small_statue_alley_b

Skill      XL: |  1  2  3  4  5  6 |
---------------+-------------------+-----
Transmutations | 2 3 4 |  4.0
Unarmed Combat | 3 4 5 |  5.6
Spellcasting   | 2 |  2.6
Fighting       | |  0.8
Dodging        | |  1.7

Action                   |  1- 3 |  4- 6 || total
-------------------------+-------+-------++-------
Melee: Unarmed           |   103 |   105 ||   208
       Headbutt          |     8 |     3 ||    11
       Punch             |     5 |       ||     5
       Kick              |     1 |       ||     1
 Cast: Beastly Appendage |    20 |     3 ||    23
       Sticks to Snakes  |     4 |     4 ||     8
       Spider Form       |     3 |    15 ||    18
 Abil: End Transformatio |     1 |     1 ||     2
  Use: Scroll            |     3 |     1 ||     4
       Potion            |       |     2 ||     2
 Stab: Sleeping          |     1 |       ||     1
  Eat: Chunk             |     2 |     6 ||     8
Armor: Robe              |    11 |       ||    11
       Troll leather arm |    25 |    13 ||    38
       Skin              |       |     7 ||     7
Dodge: Dodged            |    92 |    70 ||   162

Table legend:
 A = Spawn XP
 B = Non-spawn XP
 C = Spawn XP percentage of total XP
 D = Spawn monster count
 E = Non-spawn monster count
 F = Spawn count percentage of total count
 G = Total turns spent on level
                    A         B        C        D         E        F      G
               +---------+---------+-------+---------+---------+-------+---------
         Total |       0 |     688 |   0.0 |       0 |      68 |   0.0 |  1850
               +---------+---------+-------+---------+---------+-------+---------
           D:1 |       0 |      15 |   0.0 |       0 |      10 |   0.0 |   462
           D:2 |       0 |     149 |   0.0 |       0 |      28 |   0.0 |   550
           D:3 |       0 |      59 |   0.0 |       0 |      18 |   0.0 |   393
           D:4 |       0 |     111 |   0.0 |       0 |       2 |   0.0 |   134
           D:5 |       0 |      64 |   0.0 |       0 |       3 |   0.0 |   129
           D:6 |       0 |     290 |   0.0 |       0 |       7 |   0.0 |   182
               +---------+---------+-------+---------+---------+-------+---------

Table legend:
 A = Turns spent in this place as a percentage of turns spent in the entire game.
 B = Non-inter-level travel turns spent in this place as a percentage of non-inter-level travel turns spent in the entire game.
 C = Inter-level travel turns spent in this place as a percentage of turns spent in this place.
 D = Turns resting spent in this place as a percentage of non-inter-level travel turns spent in this place.
 E = Turns spent auto-exploring this place as a percentage of non-inter-level travel turns spent in this place.
 F = Non-inter-level travel turns spent in this place divided by the number of levels of this place that you've seen.
                   A       B       C       D       E      F
               +-------+-------+-------+-------+-------+----------------------
         Total | 100.0 | 100.0 |   4.3 |   0.0 |   0.0 | 295.0
       Dungeon | 100.0 | 100.0 |   4.3 |   0.0 |   0.0 | 295.0
               +-------+-------+-------+-------+-------+----------------------

Table legend:
 A = Kills in this place as a percentage of kills in entire the game.
 B = Kills by you in this place as a percentage of kills by you in the entire game.
 C = Kills by friends in this place as a percentage of kills by friends in the entire game.
 D = Other kills in this place as a percentage of other kills in the entire game.
 E = Experience gained in this place as a percentage of experience gained in the entire game.
 F = Experience gained in this place divided by the number of levels of this place that you have seen.
                   A       B       C       D       E      F
               +-------+-------+-------+-------+-------+----------------------
         Total | 100.0 | 100.0 | 100.0 |   N/A | 100.0 | 114.7
       Dungeon | 100.0 | 100.0 | 100.0 |   N/A | 100.0 | 114.7
               +-------+-------+-------+-------+-------+----------------------

Vault maps used:
D:1:      scummos_arrival_star
D:2:      wad_pebble_path, uniq_crazy_yiuf_cottage
D:3:      cheibrodos_thug_alley, minitemple,
          chequers_ecumenical_altar_simple_redux
D:4:      first_bread
D:5:      kennysheep_steamy, serial_shops, kennysheep_mini,
          minmay_strange_pillars, corexii_hall_statues_u
D:6:      dancing_weapons_uskayaw, hangedman_abyss_or_decor_passed,
          small_statue_alley_b
